 Dungeon Crawl Stone Soup version 0.18.1-47-g9310371 (webtiles) character file.

186 qqqbard the Twirler (level 5, -3/42 HPs)
             Began as a Minotaur Gladiator on June 14, 2016.
             Slain by a worker ant (7 damage)
             ... on level 4 of the Dungeon.
             The game lasted 00:04:49 (2971 turns).

qqqbard the Twirler (Minotaur Gladiator)            Turns: 2971, Time: 00:04:50

Health: -3/42      AC:  3    Str: 19    XL:     5   Next: 38%
Magic:  4/4        EV:  7    Int:  5    God:
Gold:   156        SH:  0    Dex: 12    Spells: 0 memorised, 4 levels left

rFire  . . .     SeeInvis .     a - +0 quarterstaff
rCold  . . .     Gourm    .     b - +0 leather armour
rNeg   . . .     Faith    .     (shield currently unavailable)
rPois  .         Spirit   .     c - +0 hat
rElec  .         Dismiss  .     (no cloak)
rCorr  .         Reflect  .     (no gloves)
SustAt .         Harm     .     (no boots)
MR     .....                    (no amulet)
Stlth  +.........               (no ring)
                                (no ring)

@: lethally poisoned (-3 -> -24), not resistant to hostile enchantments, very
unstealthy
A: retaliatory headbutt, horns 2
a: no special abilities


You were on level 4 of the Dungeon.
You were near starving.

You visited 1 branch of the dungeon, and saw 4 of its levels.

You collected 156 gold pieces.

Inventory:

Hand Weapons
 a - a +0 quarterstaff (weapon)
Missiles
 d - 2 throwing nets (quivered)
Armour
 b - a +0 leather armour (worn)
 c - a +0 hat (worn)
Jewellery
 p - an uncursed amulet of magic regeneration {unknown}
Wands
 n - a wand of flame (26/48)
 s - a wand of acid (10/15)
 y - a wand of flame (23/48)
Scrolls
 e - 2 scrolls of fog {unknown}
 g - a scroll of noise {unknown}
 h - 7 scrolls of identify {unknown}
 l - 5 scrolls of remove curse {unknown}
 m - a scroll of immolation {unknown}
 o - 2 scrolls of recharging {unknown}
 x - a scroll of fear {unknown}
Potions
 i - a potion of haste
 r - 2 potions of might
 t - a potion of magic {unknown}
 u - 2 potions of ambrosia
 v - a potion of berserk rage {unknown}
 w - 2 potions of resistance
 A - a potion of brilliance
 B - a potion of agility {unknown}
 C - a potion of invisibility {unknown}
Comestibles
 f - 3 bread rations
 j - 3 meat rations
 k - 2 beef jerkies
 q - 5 fruits
 z - a slice of pizza


   Skills:
 - Level 2.4 Fighting
 * Level 7.4 Staves
 - Level 2.0 Throwing
 - Level 3.2 Dodging


You had 4 spell levels left.
You didn't know any spells.

Dungeon Overview and Level Annotations

Branches:
Dungeon (4/15)
 Temple: D:4-7

Altars:
Vehumet

Annotations:
D:4 Grinder


Innate Abilities, Weirdness & Mutations

You reflexively headbutt those who attack you in melee.
You have a pair of horns on your head.


Message History

You kill the worker ant!
You feel sick.
You hit the worker ant.
The worker ant is moderately wounded.
You feel sick. The worker ant bites you.
You are more poisoned.
The worker ant poisons you!
You hit the worker ant.
The worker ant is severely wounded.
You feel sick. The worker ant bites you!
You barely miss the worker ant. You headbutt the worker ant.
The worker ant is almost dead.
* * * LOW HITPOINT WARNING * * *
You feel sick. The worker ant bites you.
* * * LOW HITPOINT WARNING * * *
You are more poisoned.
The worker ant poisons you!
* * * LOW HITPOINT WARNING * * *
You feel sick. The worker ant bites you!
You die...

##### ....# ....# ....#
# #.. ....#.# ..##...
.......
......###########....#
...#..........5a@....#
..#...#.#.######....#.
.#.#....................
.#.#.....#.a..####...#..
...†..........#....### .
.#.....#...........+
.#............#....#
...................+
...................#


You could see Grinder and a worker ant.

Vanquished Creatures
  Ijyb (D:2)
  A worker ant (D:4)
  6 adders
  3 worms
  4 dart slugs
  3 giant geckos
  An orc (D:3)
  7 bats
  4 giant cockroaches
  5 hobgoblins
  5 kobolds
  A quokka (D:2)
  A ball python (D:3)
  A giant gecko skeleton (D:4)
  12 goblins
  8 rats
63 creatures vanquished.

Notes
Turn   | Place    | Note
--------------------------------------------------------------
     0 | D:1      | qqqbard the Minotaur Gladiator began the quest for the Orb.
     0 | D:1      | Reached XP level 1. HP: 18/18 MP: 0/0
    67 | D:1      | Reached skill level 4 in Staves
   179 | D:1      | Reached XP level 2. HP: 24/25 MP: 1/1
   652 | D:2      | Reached skill level 5 in Staves
   660 | D:2      | Reached XP level 3. HP: 30/30 MP: 2/2
  1137 | D:2      | Noticed Ijyb
  1148 | D:2      | Killed Ijyb
  1148 | D:2      | Reached skill level 6 in Staves
  1148 | D:2      | Reached XP level 4. HP: 23/37 MP: 3/3
  2131 | D:3      | Found a radiant altar of Vehumet.
  2246 | D:3      | Reached skill level 7 in Staves
  2246 | D:3      | Reached XP level 5. HP: 42/42 MP: 4/4
  2619 | D:4      | Noticed Grinder
  2971 | D:4      | Slain by a worker ant

Skill      XL: |  1  2  3  4 |
---------------+-------------+-----
Staves         | 4 5 6 7 |  7.4
Fighting       | |  2.4
Throwing       | |  2.0
Dodging        | |  3.2

Action                   |  1- 3 |  4- 6 || total
-------------------------+-------+-------++-------
Melee: Quarterstaff      |    80 |    70 ||   150
       Headbutt          |    11 |    22 ||    33
Throw: Throwing net      |       |     1 ||     1
  Use: Potion            |       |     4 ||     4
 Stab: Sleeping          |       |     1 ||     1
  Eat: Chunk             |       |     4 ||     4
       Fruit             |       |     1 ||     1
Armor: Leather armour    |    16 |    13 ||    29
Dodge: Dodged            |    50 |    56 ||   106
